 Dungeon Crawl Stone Soup version 0.29.0-15-g675c0067aa (webtiles) character file.

Game seed: 226448156671875682

1360 qw the Cleaver (level 8, -1/51 HPs)
             Began as a Gargoyle Fighter on Sept 13, 2022.
             Killed from afar by Maggie (16 damage)
             ... with a bolt of fire
             ... on level 6 of the Dungeon.
             The game lasted 00:02:42 (6465 turns).

qw the Cleaver (Gargoyle Fighter)                   Turns: 6465, Time: 00:02:43

Health: -1/51      AC: 13    Str: 21    XL:     8   Next: 64%
Magic:  8/8        EV:  9    Int: 10    God:
Gold:   101        SH:  4    Dex:  9    Spells: 7/7 levels left

rFire   . . .      SeeInvis +   Y - +2 war axe (freeze)
rCold   . . .      Faith    .   c - +0 buckler
rNeg    + . .      Spirit   .   b - +0 scale mail
rPois   inf        Reflect  .   o - +0 helmet
rElec   +          Harm     .   (no cloak)
rCorr   .          Rampage  .   (no gloves)
Will    .....                   (no boots)
Stlth   ..........              (no amulet)
HPRegen 0.17/turn               l - ring of see invisible
MPRegen 0.11/turn               (no ring)

@: weakened, mesmerised
A: sickness immunity, AC +5, negative energy resistance 1, electricity
resistance, torment resistance 1, petrification resistance
a: no special abilities


You were on level 6 of the Dungeon.
You visited 1 branch of the dungeon, and saw 6 of its levels.

You collected 182 gold pieces.
You spent 81 gold pieces at shops.


Innate Abilities, Weirdness & Mutations

You are immune to sickness and miasma.
Your stone body is resilient. (AC +5)
You are immune to poison.
You resist negative energy. (rN+)
You are resistant to electric shocks. (rElec)
You are resistant to unholy torment.
You are immune to petrification.


   Skills:
 - Level 6.1 Fighting
 + Level 8.4 Axes
 - Level 3.2 Armour
 - Level 1.1 Dodging
 - Level 3.2 Shields


You had 7 spell levels left.
You didn't know any spells.
Your spell library was empty.

Inventory:

Hand Weapons
 k - a +0 hand axe of flaming
 Y - a +2 war axe of freezing (weapon)
Armour
 b - a +0 scale mail (worn)
 c - a +0 buckler (worn)
 e - a +0 chain mail
 o - a +0 helmet (worn)
Jewellery
 j - a ring of resist corrosion
 l - a ring of see invisible (left hand)
Scrolls
 h - 2 scrolls of identify
 i - a scroll of teleportation
Potions
 a - 2 potions of attraction
 d - 2 potions of might
 f - 4 potions of curing
 g - a potion of cancellation {unknown}

Dungeon Overview and Level Annotations

Branches:
Dungeon (6/15)
 Temple: D:4-7

Altars:
Cheibriados
Dithmenos
Kikubaaqudgha
Makhleb
Yredelemnul

Shops:
D:3 *

Annotations:
D:6 Maggie


Message History

You hit Maggie. You freeze Maggie.
Maggie is lightly wounded.
Maggie gestures wildly while chanting.
Maggie attempts to bespell you! You resist with almost no effort.
You hit Maggie but do no damage.
Maggie is lightly wounded.
Maggie smiles, but it's obviously fake.
Maggie casts a spell.
Maggie attempts to bespell you!
You are mesmerised by Maggie!
You barely miss Maggie.
Maggie is lightly wounded.
Maggie casts a spell at you. The bolt of fire hits you!
Maggie hits you with a +0 long sword of distortion!
Space warps around you.
You closely miss Maggie.
Maggie is lightly wounded.
A gnoll bouda comes into view. It is wielding a +0 club.
Maggie barely misses you.
You hit Maggie but do no damage.
Maggie is lightly wounded.
A gnoll comes into view. It is wielding a +0 spear.
The gnoll bouda gazes fiercely through you!
You feel your attacks grow feeble. Maggie closely misses you.
The gnoll shouts!
You slash Maggie! You freeze Maggie.
Maggie is moderately wounded.
You hear a shout!
Maggie hits you with a +0 long sword of distortion.
Space warps around you.
The gnoll bouda gazes fiercely through you!
You feel as though you will be weak longer.
You slash Maggie! You freeze Maggie.
Maggie is heavily wounded.
A gnoll comes into view. It is wielding a +1 vorpal flail.
Maggie points at you and mumbles some strange words.
The bolt of fire hits you!
You die... 7..7 7.77 7.7 # 7.77 .>####### 7... g.g.....# 7... ..g.....# 77.. #.....@.# 777

#@# 7 #.####
7 #....#
####.#####
#.....#
#####.###777
#......7
#####7.77
7..777


You could see Maggie (mesmerising), a gnoll bouda and 2 gnolls.

Vanquished Creatures
  An ogre (D:5)
  A centaur (D:5)
  A phantom (D:6)
  A bullfrog (D:6)
  A necrophage (D:5)
  2 scorpions
  A wight (D:4)
  3 hounds
  A human zombie (D:4)
  3 jellies
  An orc priest (D:5)
  A gnoll bouda (D:5)
  4 iguanas
  An orc wizard (D:6)
  A scorpion zombie (D:4)
  4 hound zombies (D:4)
  3 mummies (D:4)
  Robin (D:3)
  6 gnolls
  10 adders
  A white imp (D:5)
  An ufetubus (D:4)
  An adder zombie (D:4)
  3 worms
  3 dart slugs
  11 orcs
  5 bats (D:1)
  7 endoplasms
  2 giant cockroaches
  21 goblins
  9 hobgoblins
  11 jackals
  6 kobolds
  4 quokkas
  6 ball pythons
  3 frilled lizards (D:2)
  A jackal zombie (D:4)
  9 rats
151 creatures vanquished.

Vanquished Creatures (others)
  14 plants (D:5)
14 creatures vanquished.

Grand Total: 165 creatures vanquished

Notes
Turn   | Place    | Note
-------+----------+-------------------------------------------
     0 | D:1      | qw the Gargoyle Fighter began the quest for the Orb.
     0 | D:1      | Reached XP level 1. HP: 14/14 MP: 1/1
     0 | D:1      | 0 ||| qw: Version: 0.1-a-119-g272c26d
     0 | D:1      | 0 ||| qw: Game counter: 11068
     0 | D:1      | 0 ||| qw: Always use a shield: true
     0 | D:1      | 0 ||| qw: God list: Okawaru
     0 | D:1      | 0 ||| qw: Allow faded altars: false
     0 | D:1      | 0 ||| qw: Do Orc after D:15 true
     0 | D:1      | 0 ||| qw: Do second Lair branch before Depths: true
     0 | D:1      | 0 ||| qw: Lair rune preference: random
     0 | D:1      | 0 ||| qw: Plans: Normal, Zot, God:TSO, Crypt, Tomb, Pan,
                  | Slime, Hells, Zig, Abyss, Orb
     0 | D:1      | 0 ||| PLANNING D:1-11
    80 | D:1      | Reached skill level 2 in Axes
   156 | D:1      | 156 ||| Stepping ~*~*~tactically~*~*~ (hiding).
   293 | D:1      | Reached XP level 2. HP: 19/19 MP: 2/2
   803 | D:1      | Reached skill level 3 in Axes
  1010 | D:1      | Reached XP level 3. HP: 23/23 MP: 3/3
  1129 | D:1      | 1129 ||| Stepping ~*~*~tactically~*~*~ (stealth).
  1270 | D:1      | 1270 ||| READING scroll labelled XUNESTR KOTES.
  1271 | D:1      | 1271 ||| READING scroll labelled VYF XINKOSTRIRCH.
  1328 | D:1      | 1328 ||| READING scroll labelled HAANAPN LADE.
  1329 | D:1      | 1329 ||| DRINKING 2 brown potions.
  1478 | D:2      | 1478 ||| Stepping ~*~*~tactically~*~*~ (stealth).
  1776 | D:2      | 1776 ||| Stepping ~*~*~tactically~*~*~ (stealth).
  1853 | D:2      | 1853 ||| Stepping ~*~*~tactically~*~*~ (stealth).
  1871 | D:2      | Reached XP level 4. HP: 28/28 MP: 4/4
  1905 | D:2      | 1905 ||| Stepping ~*~*~tactically~*~*~ (stealth).
  1918 | D:2      | 1918 ||| FLEEEEING.
  1919 | D:2      | 1919 ||| FLEEEEING.
  1920 | D:2      | 1920 ||| FLEEEEING.
  1921 | D:2      | 1921 ||| STAIRDANCE
  1997 | D:1      | 1997 ||| READING scroll labelled IPSALL XUUGYE.
  2040 | D:2      | 2040 ||| Stepping ~*~*~tactically~*~*~ (stealth).
  2322 | D:3      | Reached skill level 4 in Axes
  2362 | D:3      | 2362 ||| Stepping ~*~*~tactically~*~*~ (stealth).
  2367 | D:3      | 2367 ||| Stepping ~*~*~tactically~*~*~ (stealth).
  2514 | D:3      | 2514 ||| DROPPING +0 club.
  2604 | D:3      | Found Rijiut's Assorted Antiques.
  2613 | D:3      | 2613 ||| BUYING 3 scrolls labelled YWNOJU TO RIMA (81
                  | gold).
  2613 | D:3      | Bought 3 scrolls labelled YWNOJU TO RIMA for 81 gold pieces
  2613 | D:3      | 2613 ||| SHOPLISTING inky potion (24 gold, have 7).
  2613 | D:3      | 2613 ||| SHOPLISTING scroll labelled SECVI PIVERIR (27
                  | gold, have 7).
  2613 | D:3      | 2613 ||| SHOPLISTING scroll of identify (54 gold, have 7).
  2680 | D:3      | 2680 ||| Stepping ~*~*~tactically~*~*~ (stealth).
  2682 | D:3      | 2682 ||| Stepping ~*~*~tactically~*~*~ (stealth).
  2684 | D:3      | 2684 ||| Stepping ~*~*~tactically~*~*~ (stealth).
  2702 | D:3      | Noticed Robin
  2709 | D:3      | Reached XP level 5. HP: 24/32 MP: 5/5
  2714 | D:3      | Killed Robin
  3053 | D:3      | 3053 ||| Stepping ~*~*~tactically~*~*~ (hiding).
  3116 | D:3      | 3116 ||| Stepping ~*~*~tactically~*~*~ (stealth).
  3128 | D:3      | 3128 ||| Stepping ~*~*~tactically~*~*~ (stealth).
  3146 | D:3      | Found a burning altar of Makhleb.
  3152 | D:3      | Found a shadowy altar of Dithmenos.
  3157 | D:3      | Found an ancient bone altar of Kikubaaqudgha.
  3242 | D:3      | 3242 ||| UPGRADING to +0 helmet.
  3247 | D:3      | 3247 ||| UPGRADING to ring of see invisible.
  3248 | D:3      | 3248 ||| READING 3 scrolls labelled YWNOJU TO RIMA.
  3249 | D:3      | 3249 ||| READING 3 scrolls labelled ZUGEJE QIDEE.
  3250 | D:3      | 3250 ||| READING scroll labelled VYPITE BEIJ.
  3251 | D:3      | 3251 ||| READING scroll labelled NIYCLO GUNISEK.
  3252 | D:3      | 3252 ||| DRINKING 2 clear potions.
  3253 | D:3      | 3253 ||| DROPPING 2 scrolls of vulnerability.
  3254 | D:3      | 3254 ||| DROPPING potion of brilliance.
  3255 | D:3      | 3255 ||| DROPPING 2 scrolls of immolation.
  3314 | D:4      | Found a snail-covered altar of Cheibriados.
  3319 | D:4      | 3319 ||| DROPPING +0 whip.
  3342 | D:4      | Reached skill level 5 in Axes
  3428 | D:4      | Reached XP level 6. HP: 24/38 MP: 6/6
  3543 | D:4      | 3543 ||| DROPPING +0 flail.
  3657 | D:4      | Reached skill level 1 in Dodging
  3678 | D:4      | Found a basalt altar of Yredelemnul.
  3934 | D:4      | 3934 ||| READING scroll labelled SECVI PIVERIR.
  3936 | D:4      | 3936 ||| FLEEEEING.
  3937 | D:4      | 3937 ||| FLEEEEING.
  3938 | D:4      | 3938 ||| FLEEEEING.
  4155 | D:4      | 4155 ||| Stepping ~*~*~tactically~*~*~ (stealth).
  4348 | D:4      | 4348 ||| Stepping ~*~*~tactically~*~*~ (stealth).
  4349 | D:4      | 4349 ||| Stepping ~*~*~tactically~*~*~ (stealth).
  4474 | D:4      | 4474 ||| READING scroll labelled CAS JUKHAINU.
  4475 | D:4      | 4475 ||| READING scroll labelled GICWIC YFOUMUMP.
  4476 | D:4      | 4476 ||| READING 6 scrolls of identify.
  4476 | D:4      | 4476 ||| IDENTIFYING bubbling cyan potion
  4477 | D:4      | 4477 ||| READING 5 scrolls of identify.
  4477 | D:4      | 4477 ||| IDENTIFYING bubbling amethyst potion
  4478 | D:4      | 4478 ||| READING 4 scrolls of identify.
  4478 | D:4      | 4478 ||| IDENTIFYING inky potion
  4479 | D:4      | 4479 ||| READING 3 scrolls of identify.
  4479 | D:4      | 4479 ||| IDENTIFYING amethyst potion
  4480 | D:4      | 4480 ||| DROPPING potion of invisibility.
  4481 | D:4      | 4481 ||| DROPPING potion of berserk rage.
  4533 | D:5      | Entered Level 5 of the Dungeon
  4582 | D:5      | Reached skill level 6 in Axes
  4582 | D:5      | Reached XP level 7. HP: 43/43 MP: 7/7
  4689 | D:5      | Found the dreamshard necklace {*Dream Drain}
  4839 | D:5      | Reached skill level 7 in Axes
  4839 | D:5      | HP: 5/43 [orc priest/divine providence (11)]
  4840 | D:5      | 4840 ||| READING scroll of teleportation.
  4841 | D:5      | 4841 ||| DRINKING potion of heal wounds.
  5497 | D:5      | Reached XP level 8. HP: 38/49 MP: 8/8
  5752 | D:5      | 5752 ||| READING 2 scrolls labelled ROP XIANEPPAZA.
  5753 | D:5      | 5753 ||| READING scroll of enchant weapon.
  5753 | D:5      | 5753 ||| ENCHANTING +1 war axe of freezing.
  5754 | D:5      | 5754 ||| READING 2 scrolls of identify.
  5754 | D:5      | 5754 ||| IDENTIFYING gluggy blue potion
  5755 | D:5      | 5755 ||| DROPPING potion of flight.
  5831 | D:6      | Reached skill level 8 in Axes
  6225 | D:6      | Reached skill level 6 in Fighting
  6242 | D:6      | 6242 ||| Stepping ~*~*~tactically~*~*~ (stealth).
  6456 | D:6      | Noticed Maggie
  6465 | D:6      | Killed from afar by Maggie

Levels and vault maps discovered:
D:1:      matt_arrival_refuge, layout_loops_corners, minivault_4
D:2:      layout_basic, kennysheep_generic_room_13
D:3:      layout_rooms, minmay_overflow_temple_star_quad, serial_shops,
          nicolae_shop_overgrown_old_shop, uniq_robin
D:4:      minmay_bubble_buster, layout_basic, general_overflow_altar,
          lemuel_mausoleum_altar_yredelemnul, reono_crystal_passage
D:5:      layout_basic, serial_bayou, serial_bayou_shore_b,
          serial_bayou_shore_b, serial_bayou_pond_a, serial_bayou_pond_e
D:6:      kb_forest_paths, layout_basic, uniq_maggie

Skill      XL: |  1  2  3  4  5  6  7  8 |
---------------+-------------------------+-----
Axes           | 2 3 4 5 6 7 8 |  8.4
Fighting       | 4 5 6 |  6.1
Dodging        | 1 |  1.1
Armour         | |  3.2
Shields        | |  3.2

Action                   |  1- 3 |  4- 6 |  7- 9 || total
-------------------------+-------+-------+-------++-------
Melee: War axe           |   119 |   191 |   176 ||   486
  Use: Scroll            |     3 |    12 |     4 ||    19
       Potion            |     1 |     1 |     1 ||     3
Armor: Scale mail        |    69 |    93 |    94 ||   256
Dodge: Dodged            |    60 |    77 |    77 ||   214
Block: Buckler           |    23 |    29 |    35 ||    87

Table legend:
 A = Non-vault XP
 B = Vault XP
 C = Vault XP percentage of total XP
 D = Non-vault monster count
 E = Vault monster count
 F = Vault count percentage of total count
                 A         B        C        D         E       F
            +---------+---------+-------+---------+---------+-------
      Total |    1336 |     608 |  31.3 |     108 |      43 |  28.5
            +---------+---------+-------+---------+---------+-------
        D:1 |      48 |       0 |   0.0 |      27 |       0 |   0.0
        D:2 |      42 |       7 |  14.3 |      24 |       2 |   7.7
        D:3 |      80 |      37 |  31.6 |      15 |      12 |  44.4
        D:4 |      57 |     342 |  85.7 |       8 |      23 |  74.2
        D:5 |     780 |       0 |   0.0 |      24 |       0 |   0.0
        D:6 |     329 |     222 |  40.3 |      10 |       6 |  37.5
            +---------+---------+-------+---------+---------+-------
